 Dungeon Crawl Stone Soup version 0.27-a0-59-gfbafd837a3 (webtiles) character file.

Game seed: 18384197908423950366

38 Borgoz the Covered (level 3, -1/25 HPs)
             Began as a Halfling Fighter on Jan 8, 2021.
             Killed from afar by an orc wizard (4 damage)
             ... with a puff of flame
             ... on level 2 of the Dungeon.
             The game lasted 00:01:41 (911 turns).

Borgoz the Covered (Halfling Fighter)                Turns: 911, Time: 00:01:42

Health: -1/25      AC:  7    Str: 17    XL:     3   Next: 65%
Magic:  3/3        EV:  8    Int:  6    God:
Gold:   57         SH:  0    Dex: 14    Spells: 2/2 levels left

rFire    . . .     SeeInvis .   a - +0 rapier
rCold    . . .     Faith    .   c - +0 kite shield
rNeg     . . .     Spirit   .   b - +0 scale mail
rPois    .         Reflect  .   (no helmet)
rElec    .         Harm     .   (no cloak)
rCorr    .         Rampage  .   (no gloves)
Will     .....                  (no boots)
Stlth    ..........             (no amulet)
HPRegen  0.08/turn              (no ring)
MPRegen  0.08/turn              (no ring)

@: confused
A: small, mutation resistance 1
a: no special abilities


You were on level 2 of the Dungeon.
You visited 1 branch of the dungeon, and saw 3 of its levels.

You collected 57 gold pieces.

Inventory:

Hand Weapons
 a - a +0 rapier (weapon)
Armour
 b - a +0 scale mail (worn)
 c - a +0 kite shield (worn)
Scrolls
 e - a scroll of teleportation {unknown}
 f - 2 scrolls of enchant armour {unknown}
 g - a scroll of identify {unknown}
 h - a scroll of amnesia {unknown}
 i - a scroll of remove curse {unknown}
 j - a scroll of noise {unknown}
Potions
 d - a potion of might


   Skills:
 + Level 2.9 Fighting
 * Level 3.2 Short Blades
 * Level 3.9 Armour
 + Level 3.6 Shields


You had 2 spell levels left.
You didn't know any spells.
Your spell library was empty.

Dungeon Overview and Level Annotations

Branches:
Dungeon (3/15)

Altars:


Innate Abilities, Weirdness & Mutations

You are small and have problems with some larger weapons.
You are somewhat resistant to further mutation.


Message History

The magic dart hits you.
* * * LOW HITPOINT WARNING * * *
Okay, then.
You miss something. Something hits you but does no damage.
You hit something but do no damage. Something hits you but does no damage.
Your scale mail prevents you from hitting something.
Something hits you but does no damage.
You hit something but do no damage. Something hits you but does no damage.
You miss something. Something hits you but does no damage.
You hit something. Something hits you.
* * * LOW HITPOINT WARNING * * *
You miss something.
An orc wizard appears from thin air!
Reactivating autopickup.
The orc wizard hits you but does no damage.
The orc wizard points at you and mumbles some strange words.
You are confused.
You bump into the rock wall.
The orc wizard points at you and mumbles some strange words.
The puff of flame hits you.
You die...

....... #####.....#####
..............
####...........
...........(#
##........#####
#........#.... #
##.......#..# #.#
#......##.@##
#...#†.......[o#
#...........##>###
#..........###†..#
.....#.#.....####..)...
.......#.....# #.....
...........#.# .....
.#..#...##..... ?...
#..###. ####.## ...


You could see an orc wizard.

Vanquished Creatures
  A worm (D:2)
  A dart slug (D:2)
  An orc (D:2)
  A bat (D:1)
  4 giant cockroaches
  5 goblins (D:1)
  5 hobgoblins (D:1)
  5 kobolds
  A quokka (D:2)
  3 rats (D:1)
27 creatures vanquished.

Notes
Turn   | Place    | Note
-------+----------+-------------------------------------------
     0 | D:1      | Borgoz the Halfling Fighter began the quest for the Orb.
     0 | D:1      | Reached XP level 1. HP: 15/15 MP: 1/1
    48 | D:1      | Reached XP level 2. HP: 20/20 MP: 2/2
   389 | D:1      | Reached XP level 3. HP: 25/25 MP: 3/3
   710 | D:2      | You fall into a shaft and drop 1 floor!
   911 | D:2      | Killed from afar by an orc wizard

Illustrated notes

Levels and vault maps discovered:
D:1:      tarquinn_simple_flora_water_b, layout_loops_ring,
          chequers_serial_rivers_marsh
D:2:      layout_rooms, minmay_misc_feat_room, supply_closet_lemuel,
          grunt_decor_fettered, kennysheep_generic_room_13, uniq_jessica,
          uniq_terence
D:3:      layout_rooms, lemuel_zombie_altar_yredelemnul

Skill      XL: |  1  2 |
---------------+-------+-----
Short Blades   | 3 |  3.2
Fighting       | |  2.9
Armour         | |  3.9
Shields        | |  3.6

Action                   || total
-------------------------++-------
Melee: Rapier            ||   122
Armor: Scale mail        ||    44
Dodge: Dodged            ||    32
Block: Kite shield       ||    66

Table legend: (Time is in decaauts)
 A = Elapsed time spent in this place.
 B = Non-inter-level travel time spent in this place.
 C = Inter-level travel time spent in this place.
 D = Time resting spent in this place.
 E = Time spent auto-exploring this place.
 F = Levels seen in this place.
 G = Mean time per level.
                   A        B        C        D        E       F      G
               +--------+--------+--------+--------+--------+-----+--------+
         Total |    934 |    899 |     35 |     73 |    552 |   3 |  311.3 |
       Dungeon |    934 |    899 |     35 |     73 |    552 |   3 |  311.3 |
               +--------+--------+--------+--------+--------+-----+--------+

Top non-repeatable levels by time:
     D:1: 721 daAuts
     D:2: 182 daAuts
     D:3: 30 daAuts
